 Dungeon Crawl Stone Soup version 0.28.0-1-gb440e238dd (webtiles) character file.

Game seed: 14992070526631212728

119 Destapler the Grave Robber (level 4, -1/37 HPs)
             Began as a Deep Dwarf Necromancer on Feb 19, 2022.
             Slain by Grinder (2 damage)
             ... on level 3 of the Dungeon on Feb 22, 2022.
             The game lasted 00:14:39 (3376 turns).

Destapler the Grave Robber (Deep Dwarf Necromancer) Turns: 3376, Time: 00:14:40

Health: -1/37      AC:  5    Str: 11    XL:     4   Next: 74%
Magic:  7/7        EV: 12    Int: 16    God:
Gold:   58         SH:  0    Dex: 15    Spells: 4/8 levels left

rFire   . . .      SeeInvis .   f - +1 whip (holy)
rCold   . . .      Faith    .   (no shield)
rNeg    . . .      Spirit   .   a - +1 robe
rPois   .          Reflect  .   (no helmet)
rElec   .          Harm     .   (no cloak)
rCorr   .          Rampage  .   (no gloves)
Will    .....                   (no boots)
Stlth   ++........              (no amulet)
HPRegen 0.00/turn               (no ring)
MPRegen 0.10/turn               (no ring)

@: no status effects
A: damage resistance, heal wounds, sense surroundings 1, no regeneration,
iridescent scales 1, low MP 1
a: Heal Wounds


You were on level 3 of the Dungeon.
You visited 1 branch of the dungeon, and saw 3 of its levels.

You collected 58 gold pieces.

Inventory:

Hand Weapons
 c - a +0 club
 f - a +1 whip of holy wrath (weapon)
 g - a +0 trident of pain
Armour
 a - a +1 robe (worn)
Scrolls
 b - a scroll of identify
 d - a scroll of teleportation
 h - a scroll of enchant weapon
Potions
 i - 2 potions of brilliance


   Skills:
 + Level 0.8 Fighting
 + Level 1.0 Armour
 + Level 2.6 Dodging
 + Level 2.9 Stealth
 + Level 2.5 Spellcasting
 + Level 5.5 Necromancy


You had 4 spell levels left.
You knew the following spells:

 Your Spells              Type           Power      Damage    Failure   Level
a - Pain                  Necr           76%        1d7       1%          1
H - Vampiric Draining     Necr           19%        2d7       6%          3

Your spell library contained the following spells:

 Spells                   Type           Power      Damage    Failure   Level
 Animate Skeleton         Necr           38%        N/A       1%          1
 Animate Dead             Necr           9%         N/A       21%         4
 Agony                    Necr           19%        N/A       50%         5


Dungeon Overview and Level Annotations

Branches:
Dungeon (3/15)

Altars:
Vehumet

Annotations:
D:3 2 transporters, Grinder


Innate Abilities, Weirdness & Mutations

You are resistant to damage.
You can heal yourself by infusing magical energy.
You passively map a small area around you.
You do not regenerate.
You are partially covered in iridescent scales. (AC +2)
Your magical capacity is low. (-10% MP)


Message History

You barely miss Grinder. Grinder hits you!
You hit Grinder.
Grinder convulses.
Grinder is moderately wounded.
Grinder hits you but does no damage.
You closely miss Grinder.
Grinder is moderately wounded.
Grinder says, "Are you a fish?" Grinder gestures at you.
You suddenly lose the ability to move!
Grinder barely misses you. Grinder hits you. Grinder hits you.
You writhe in agony.
Grinder blinks!
Grinder gestures at you. Pain shoots through your body!
* * * LOW HITPOINT WARNING * * *
You can move again.
Casting: Vampiric Draining (dangerous; 6% risk of failure)
Confirm with . or Enter, or press ? or * to list all spells.
You can't see any susceptible monsters within range! (Use Z to cast anyway.) Unknown command.
It was a potion of mutation.
You feel extremely strange.
You feel less energetic.
Iridescent scales grow over part of your body.
Your iridescent scales disappear.
Iridescent scales grow over part of your body.
Grinder hits you!
* * * LOW HITPOINT WARNING * * *
Okay, then.
It was a potion of curing.
You feel better. Grinder barely misses you.
You closely miss Grinder.
Grinder is moderately wounded.
Grinder hits you.
* * * LOW HITPOINT WARNING * * *
You writhe in agony.
* * * LOW HITPOINT WARNING * * *
You hit Grinder.
Grinder convulses.
Grinder is heavily wounded.
Grinder hits you.
You die...

#...... #.....###, , *
##......, #
#..5......####...#5#########
,
+.........+........5........
......... ##........######
....... #####..#.##.# #
*..... #........##.# ...*
#@####.#)##.# #'#* #5#
#)...##.# #.# #.# #..#.##.#
#.# #.###.......# ##.##
#........#### ##...##
#####.#### ####.....# #.# *
#..[.....# #.#
...####.#.#######.#


You could see Grinder.

Vanquished Creatures
  Natasha (D:1)
  3 adders
  A worm (D:2)
  A dart slug (D:1)
  An orc (D:3)
  2 bats (D:1)
  3 endoplasms
  3 giant cockroaches (D:1)
  4 goblins
  6 hobgoblins
  10 jackals
  3 kobolds
  5 quokkas
  8 ball pythons
  3 frilled lizards
  4 rats
58 creatures vanquished.

Vanquished Creatures (others)
  6 withered plants (D:3)
6 creatures vanquished.

Grand Total: 64 creatures vanquished

Notes
Turn   | Place    | Note
-------+----------+-------------------------------------------
     0 | D:1      | Destapler the Deep Dwarf Necromancer began the quest for
                  | the Orb.
     0 | D:1      | Reached XP level 1. HP: 15/15 MP: 3/3
   306 | D:1      | Reached XP level 2. HP: 13/22 MP: 0/5
   651 | D:1      | Reached skill level 5 in Necromancy
   904 | D:1      | Reached XP level 3. HP: 15/28 MP: 4/6
   908 | D:1      | Learned a level 3 spell: Vampiric Draining
  1869 | D:2      | Noticed Natasha
  1889 | D:1      | Killed Natasha
  1890 | D:1      | Reached XP level 4. HP: 8/36 MP: 0/7
  2686 | D:3      | Found a faded altar of an unknown god.
  2770 | D:3      | Found a transporter.
  2779 | D:3      | Found a radiant altar of Vehumet.
  2779 | D:3      | Found a transporter.
  2955 | D:3      | Noticed Grinder
  2973 | D:3      | Paralysed by something for 3 turns
  3191 | D:3      | Reached skill level 1 in Armour
  3366 | D:3      | Paralysed by Grinder for 7 turns
  3373 | D:3      | Gained mutation: Your magical capacity is low. (-10% MP)
                  | [potion of mutation]
  3373 | D:3      | Gained mutation: You are partially covered in iridescent
                  | scales. (AC +2) [potion of mutation]
  3373 | D:3      | Lost mutation: You are partially covered in iridescent
                  | scales. (AC +2) [potion of mutation]
  3373 | D:3      | Gained mutation: You are partially covered in iridescent
                  | scales. (AC +2) [potion of mutation]
  3375 | D:3      | HP: 1/37 [Grinder (4)]
  3376 | D:3      | Slain by Grinder

Illustrated notes

Levels and vault maps discovered:
D:1:      nagdon_arrival_double_spiral, layout_loops_corners
D:2:      layout_rooms, uniq_natasha
D:3:      kennysheep_goblin_castle, layout_loops_corners,
          gammafunk_temple_overflow_arena, ebering_ecumenical_altar_petrified,
          uniq_grinder

Skill      XL: |  1  2  3  4 |
---------------+-------------+-----
Spellcasting   | 2 |  2.5
Necromancy     | 5 |  5.5
Armour         | 1 |  1.0
Fighting       | |  0.8
Dodging        | |  2.6
Stealth        | |  2.9

Action                   |  1- 3 |  4- 6 || total
-------------------------+-------+-------++-------
Melee: Unarmed           |    12 |       ||    12
       Club              |    12 |    14 ||    26
       Whip              |       |     9 ||     9
 Cast: Pain              |    53 |    18 ||    71
       Vampiric Draining |    14 |    13 ||    27
  Use: Scroll            |       |     5 ||     5
       Potion            |       |     2 ||     2
 Stab: Sleeping          |       |     1 ||     1
Armor: Robe              |     6 |     5 ||    11
Dodge: Dodged            |    30 |    20 ||    50
